Map: 10000 Feet LE

Players

llIIllIIIIll (Lambo)

  • Race: Zerg Zerg
  • League: Master
  • Spawn Location: 5:00

A.I. 1 (Very Easy) - Winner!

  • Race: Terran Terran
  • Spawn Location: 11:00

VOD

Have the link to the VOD?

Description

Time

  • Played on: March 6, 2026, 11:20 a.m.
  • Length: 6:54
Show
View Real Time Build Order
Export as new Build Order

llIIllIIIIll Zerg 

Build Orders: Hatch First 

Get SALT Encoding   

  12  0:00  Drone  
  13  0:08  Drone  
  13  0:14  Extractor, Drone  
  15  0:34  Hatchery  
  14  0:38  Extractor  
  14  0:39  Drone  
  15  0:46  Overlord  
  15  1:00  Spawning Pool  
  14  1:04  Drone  
  14  1:07  Drone  
  14  1:10  Drone  
  17  1:15  Drone  
  18  1:24  Extractor  
  17  1:25  Drone  
  18  1:36  Drone  
  19  1:46  Drone  
  19  1:47  Queen  
  20  1:48  Queen  
  20  1:51  Drone  
  25  1:56  Drone  
  25  1:59  Overlord  
  26  2:07  Drone  
  27  2:09  Drone  
  28  2:19  Drone x2  
  30  2:23  Queen  
  30  2:29  Drone  
  33  2:32  Lair  
  33  2:35  Overlord  
  33  2:39  Drone  
  33  2:40  Drone  
  35  2:50  Drone  
  36  2:53  Drone  
  36  2:55  Drone x3  
  36  2:56  Drone x2  
  42  2:58  Drone  
  42  3:05  Overlord  
  43  3:08  Drone  
  43  3:12  Roach Warren  
  43  3:15  Drone  
  43  3:19  Extractor, Drone  
  44  3:20  Extractor  
  44  3:26  Drone  
  44  3:27  Extractor, Drone x3  
  44  3:28  Drone x3  
  44  3:31  Overseer  
  44  3:33  Drone  
  50  3:40  Drone x2, Evolution Chamber  
  51  3:43  Evolution Chamber  
  51  3:45  Queen  
  52  3:51  Overlord  
  52  3:52  Overlord  
  52  4:00  Overseer  
  52  4:01  Overseer  
  52  4:04  Overlord  
  52  4:06  Evolution Chamber  
  52  4:07  Glial Reconstitution  
  52  4:08  Overlord  
  52  4:12  Roach x2  
  52  4:16  Roach x2  
  60  4:20  Roach  
  60  4:21  Roach  
  64  4:25  Overlord  
  64  4:29  Roach  
  67  4:36  Overlord  
  67  4:37  Roach x3  
  73  4:47  Roach x3  
  73  4:48  Ravager x3, Overlord  
  73  4:52  Overlord  
  82  4:54  Roach  
  84  5:02  Roach  
  84  5:06  Roach x4  
  94  5:13  Ravager x2, Overlord x2  
  96  5:17  Ravager  
  96  5:18  Roach  
  99  5:23  Roach x2  
  103  5:29  Roach  
  103  5:33  Roach x3  
  103  5:35  Overlord  
  111  5:42  Roach x3  
  117  5:45  Overlord  
  117  5:51  Roach x2  
  121  5:57  Ravager  
  121  6:00  Roach  
  126  6:04  Roach x3  
  126  6:09  Queen  
  126  6:10  Overlord  
  132  6:12  Ravager  
  133  6:18  Roach  
  133  6:19  Roach x3  
  141  6:28  Roach x2  
  145  6:35  Roach  
  155  6:53  Ravager  
Show
View Real Time Build Order
Export as new Build Order

A.I. 1 (Very Easy) Terran - Winner!

Build Orders: Reaper Expand 

Get SALT Encoding   

  12  0:00  SCV  
  13  0:13  SCV  
  14  0:18  Supply Depot  
  14  0:41  Barracks  
  14  1:02  Command Center  
  14  1:28  Marine  
  14  1:31  Supply Depot, Orbital Command  
  15  1:37  Refinery  
  15  1:50  Refinery  
  15  1:57  SCV  
  16  2:09  SCV  
  16  2:14  SCV  
  18  2:17  Reaper  
  18  2:22  SCV  
  20  2:29  SCV  
  21  2:36  SCV  
  22  2:43  SCV  
  23  2:44  Refinery  
  23  2:50  SCV  
  24  2:57  SCV  
  25  3:02  Marine  
  25  3:04  SCV  
  27  3:12  SCV  
  28  3:13  Factory  
  28  3:35  Refinery  
  28  3:37  SCV  
  29  3:44  SCV  
  29  3:48  Marine  
  30  3:51  SCV  
  30  3:55  Supply Depot  
  32  3:59  SCV  
  32  4:01  Starport  
  33  4:06  SCV  
  34  4:13  SCV  
  35  4:20  SCV  
  36  4:27  SCV  
  37  4:34  Marine  
  37  4:35  SCV  
  39  4:38  Supply Depot, Starport Tech Lab  
  39  4:42  SCV  
  40  4:49  SCV  
  41  4:56  SCV  
  41  4:57  Raven  
  44  5:03  SCV  
  45  5:11  SCV  
  41  5:18  SCV  
  41  5:20  Marine  
  42  5:29  SCV  
  42  5:31  Raven  
  45  5:37  Supply Depot  
  45  5:45  SCV  
  42  5:51  Hellion  
  42  5:53  SCV  
  36  6:00  SCV  
  29  6:14  SCV  
  28  6:20  Hellion  
  28  6:26  SCV  
  23  6:39  SCV  
  8  6:52  Supply Depot  
Tags
 
Add a new tag
Caveats
  • Supply blocks, unpowered buildings, or Contaminate may cause inaccurate times.
  • Supply counts are checked every 10 seconds.